Unix NetHack Version 5.0.0-0 post-release - last build May 10 2026 23:12:36 (d1fa5d53e341ca933230fdaa984d921c805b60aa,branch:main).

Game began 2026-05-13 19:01:15, ended 2026-05-13 19:16:22.

DeathOnAStick, neutral male human Tourist

    -----                              -------                ----
    |   +#                             |....<|                |  |
    |   |#        -------------       #+......#               |  |
    |   |#       #-...........-#      #|.....|#      -----    ----
    |   |#       #|...........|#      #|......#######-...|
    |   |#       #-------------#      #-------#      |...|
    -----#      @#   #   #    ##      ###     #   ----...|             -----
         #       @d######################     #   |......|           ##....|
         #       #          #-----------##########|......|           # |...|
         #       #          #|.........|#         |......|         ### |...|
         #       #          #.d........|#         -.-+----         #   |...|
        ##       ##          |..)....>.|#          #####           #   |...|
        #---------#          ----...----#            ` #           #   -----
        #. >  Be |#           # |...|####            # ##          #
         |       |#             |....#               ## #        ###
         |       |#             -----               --|-|----- ###
         |       .#                                 |........|##
         |       |                                  |........-#
         ---------                                  ----------

DeathOnAStick the Sightseer  St:9 Dx:13 Co:15 In:12 Wi:11 Ch:14  Neutral S:511
Dlvl:4  $:161 HP:0(22) Pw:15(15) AC:9  Xp:3/76 T:1805 

Latest messages:
 A - a tripe ration.
 t - 2 uncursed eggs.
 k - an uncursed scroll of magic mapping.
 E - a purple spellbook.
 o - a purple spellbook.
 G - a thick spellbook.
 i - 2 uncursed potions of extra healing.
 F - 3 potions of healing.
 w - an oak wand.
 x - an uncursed credit card.
 v - an expensive camera (0:51).
 q - a towel.
 C - a white gem.
 The dwarf zombie hits!
 You swap places with Fido.
 Fido bites it.
 It misses Fido.
 What do you want to wear? [lu or ?*] u
 Fido misses it.
 You finish your dressing maneuver.
 What do you want to ready? [$abDH or ?*] b
 b - 22 +2 darts (at the ready).
 Fido bites it.
 In what direction? n
 The dart misses the floating eye.
 You hear some noises.
 In what direction? n
 You kill the floating eye!
 The wererat picks up a +2 dart.
 Fido misses the wererat.
 In what direction? n
 The dart hits the wererat.
 The wererat drinks a potion of extra healing!
 The wererat looks much better.
 Fido misses the wererat.
 Fido misses the wererat.
 In what direction? n
 The dart hits the wererat.
 The wererat hits!
 Fido bites the wererat.
 The wererat misses Fido.
 In what direction? n
 The dart hits the wererat!
 The wererat hits!
 You die...
 Do you want your possessions identified? [ynq] (y) y
 Do you want to see your attributes? [ynq] (y) y
 Do you want an account of creatures vanquished? [ynaq] (y) y
 Do you want to see your conduct and achievements? [ynq] (y) y
 Do you want to see the dungeon overview? [ynq] (y) y

Inventory:
 Coins    ('$')
  $ - 161 gold pieces
 Amulets  ('"')
  L - an uncursed amulet of ESP (being worn)
 Weapons  (')')
  b - 17 +2 darts (at the ready)
  H - a corroded +2 dart
  a - 2 +0 orcish daggers
  D - a +0 orcish short sword
 Armor    ('[')
  u - an uncursed +0 orcish helm (being worn)
  l - an uncursed +0 Hawaiian shirt with a bird of paradise motif
 Comestibles  ('%')
  e - 3 uncursed randomfruits
  y - an uncursed carrot
  c - 3 uncursed cram rations
  f - an uncursed cream pie
  d - 5 uncursed food rations
  J - a cursed food ration
  p - a cursed pear
  A - an uncursed tripe ration
  t - 2 uncursed eggs
 Scrolls  ('?')
  k - an uncursed scroll of magic mapping
 Spellbooks  ('+')
  o - an uncursed spellbook of healing
  E - an uncursed spellbook of healing
  G - an uncursed spellbook of identify
 Potions  ('!')
  i - 2 uncursed potions of extra healing
  F - 3 uncursed potions of healing
 Wands    ('/')
  w - a wand of sleep (0:6)
 Tools    ('(')
  x - an uncursed credit card
  v - an expensive camera (0:51)
  q - a cursed towel
 Gems/Stones  ('*')
  C - a cursed fluorite stone

DeathOnAStick the Tourist's attributes:

Background:
 You were a Sightseer, a level 3 male human Tourist.
 You were neutral, on a mission for The Lady
 who was opposed by Blind Io (lawful) and Offler (chaotic).
 You were right-handed.
 You were in the Dungeons of Doom, on level 4.
 You entered the dungeon 1805 turns ago.
 You had 76 experience points, 4 more were needed to attain level 4.
 Your score was 511 before end-of-game adjustments.

Basics:
 You had 0 out of 22 hit points.
 You had all 15 energy points (spell power).
 Your armor class was 9.
 Your wallet contained 161 zorkmids.
 Autopickup was off.

Final Characteristics:
 Your strength was 9 (limit:18/100).
 Your dexterity was 13 (peak:14, limit:18).
 Your constitution was 15 (limit:18).
 Your intelligence was 12 (limit:18).
 Your wisdom was 11 (limit:18).
 Your charisma was 14 (limit:18).

Final Status:
 You weren't hungry.
 You were unencumbered.
 You were bare handed.
 You were unskilled in bare handed combat.

Final Attributes:
 You were devoutly aligned.
 You were level-drain resistant.
 You were telepathic.
 You were a werejackal.
 You were harmed by silver.
 You are dead.

Miscellaneous:
 You didn't encounter any bones levels.
 Total elapsed playing time was 15 minutes and 4 seconds.

Major events:
 Turn
    1: DeathOnAStick the neutral male human Tourist entered the dungeon
  953: attained the rank of Sightseer (level 3)
 1805: killed by a wererat

You didn't know any spells.

Skills:
 Fighting Skills
   bare handed combat [Unskilled]
   two weapon combat  [Unskilled]
   riding             [Unskilled]
 Weapon Skills
   dagger             [Unskilled]
   knife              [Unskilled]
   axe                [Unskilled]
   pick-axe           [Unskilled]
   short sword        [Unskilled]
   broadsword         [Unskilled]
   long sword         [Unskilled]
   two-handed sword   [Unskilled]
   saber              [Unskilled]
   mace               [Unskilled]
   morning star       [Unskilled]
   flail              [Unskilled]
   hammer             [Unskilled]
   quarterstaff       [Unskilled]
   polearms           [Unskilled]
   spear              [Unskilled]
   trident            [Unskilled]
   lance              [Unskilled]
   bow                [Unskilled]
   sling              [Unskilled]
   crossbow           [Unskilled]
   dart               [Basic]
   shuriken           [Unskilled]
   boomerang          [Unskilled]
   whip               [Unskilled]
   unicorn horn       [Unskilled]
 Spellcasting Skills
   divination spells  [Unskilled]
   enchantment spells [Unskilled]
   escape spells      [Unskilled]

Voluntary challenges:
 Character rerolling was not enabled.
 You never genocided any monsters.
 You never polymorphed an object.
 You used no wishes.
Achievements:
 You entered a shop.
 You attained the rank of Sightseer.

 The Dungeons of Doom: levels 1 to 4
    Level 1:
       A fountain, a grave.
    Level 2:
       A food shop.
    Level 3:
       A food shop, a fountain.
    Level 4: <- You were here.
       A tool shop.
       Final resting place for
          you, killed by a wererat.


Vanquished creatures:
  2 floating eyes
  a kitten
  2 dwarf zombies
  a werejackal
 an acid blob
  a hobgoblin
  a yellow mold
  4 jackals
  3 goblins
  a sewer rat
  5 grid bugs
  a lichen
  a kobold zombie
  6 newts
30 creatures vanquished.

No species were genocided or became extinct.

Game over:
                       ----------
                      /          \
                     /    REST    \
                    /      IN      \
                   /     PEACE      \
                  /                  \
                  |  DeathOnAStick   |
                  |      161 Au      |
                  |   killed by a    |
                  |     wererat      |
                  |                  |
                  |                  |
                  |       2026       |
                 *|     *  *  *      | *
        _________)/\\_//(\/(/\)/\//\/|_)_______

Aloha DeathOnAStick the Tourist...

You died in The Dungeons of Doom on dungeon level 4 with 507 points,
and 161 pieces of gold, after 1805 moves.
You were level 3 with a maximum of 22 hit points when you died.

